 Dungeon Crawl Stone Soup version 0.30-a0-134-gb40fab5c76 (webtiles) character file.

Game seed: 13225685575361916053

737 NinjaNoafa the Nimble (level 7, -2/44 (51) HPs)
             Began as a Gnoll Wanderer on Sept 19, 2022.
             Slain by a necrophage (5 damage)
             ... on level 5 of the Dungeon.
             The game lasted 00:15:18 (6189 turns).

NinjaNoafa the Nimble (Gnoll Wanderer)              Turns: 6189, Time: 00:15:18

HP:   -2/44 (51)    AC:  5    Str: 10 (11) XL:     7   Next: 75%
MP:   27/27         EV: 16    Int: 14      God:
Gold: 265           SH:  0    Dex: 16 (17) Spells: 19/21 levels left

rFire   . . .      SeeInvis .    w - +2 sling
rCold   . . .      Faith    .    (no shield)
rNeg    . . .      Spirit   .    e - +0 leather armour
rPois   .          Reflect  .    i - +0 helmet
rElec   .          Harm     .    (no cloak)
rCorr   .          Rampage  .    v - +0 pair of gloves
Will    .....                    (no boots)
Stlth   ++........               (no amulet)
HPRegen 0.14/turn                j - +6 ring of dexterity
MPRegen 0.20/turn                m - ring of magical power

@: heavily drained
A: fangs 1, strong nose, distributed training, deterioration 1
a: no special abilities


You were on level 5 of the Dungeon.
You visited 1 branch of the dungeon, and saw 5 of its levels.
You also visited: Sewer.

You collected 265 gold pieces.

Inventory:

Hand Weapons
 p - a +0 dagger of venom
 w - a +2 sling (weapon)
Missiles
 a - 4 boomerangs
 b - 4 throwing nets
 o - 33 stones
 q - 5 poisoned darts
 y - 8 javelins
Armour
 e - a +0 leather armour (worn)
 i - a +0 helmet (worn)
 v - a +0 pair of gloves (worn)
Jewellery
 j - a +6 ring of dexterity (left hand)
 m - a ring of magical power (right hand)
 r - a ring of positive energy
 u - a ring of willpower
Wands
 f - a wand of paralysis (11)
 l - a wand of light (5)
Scrolls
 d - a scroll of vulnerability
 h - 2 scrolls of teleportation
 n - 4 scrolls of blinking
 x - a scroll of fog
Potions
 c - a potion of lignification
 g - 2 potions of haste
 k - 2 potions of invisibility
 A - a potion of brilliance


   Skills:
 + Level 2.8 Fighting
 + Level 2.8 Short Blades
 + Level 2.8 Long Blades
 + Level 2.8 Axes
 + Level 2.8 Maces & Flails
 + Level 2.8 Polearms
 + Level 2.8 Staves
 + Level 2.8 Ranged Weapons
 + Level 2.8 Throwing
 + Level 3.8 Armour
 + Level 9.0 Dodging
 + Level 3.7 Stealth
 + Level 2.8 Shields
 + Level 2.8 Unarmed Combat
 + Level 7.7 Spellcasting
 + Level 2.2 Conjurations
 + Level 2.2 Hexes
 + Level 2.2 Summonings
 + Level 2.2 Necromancy
 + Level 2.2 Translocations
 + Level 2.2 Transmutations
 + Level 2.2 Fire Magic
 + Level 2.2 Ice Magic
 + Level 2.2 Air Magic
 + Level 2.2 Earth Magic
 + Level 2.2 Poison Magic
 + Level 3.1 Invocations
 + Level 3.8 Evocations


You had 19 spell levels left.
You knew the following spells:

 Your Spells              Type           Power      Damage    Failure   Level
a - Sting                 Tmut/Pois      44%        1d5       7%          1
b - Slow                  Hex            44%        N/A       7%          1

Your spell library contained the following spells:

 Spells                   Type           Power      Damage    Failure   Level
 Confusing Touch          Hex            11%        N/A       21%         3
 Gell's Gravitas          Tloc           11%        N/A       21%         3
 Spider Form              Tmut/Pois      11%        N/A       21%         3
 Teleport Other           Tloc           11%        N/A       21%         3
 Vampiric Draining        Necr           11%        2d6       21%         3
 Dispersal                Tloc           5%         N/A       100%        6


Dungeon Overview and Level Annotations

Branches:
Dungeon (5/15)              Sewer (visited)
 Temple: D:4-7

Altars:
Fedhas
Nemelex Xobeh
Okawaru
Qazlal
Yredelemnul

Shops:
D:1 !


Innate Abilities, Weirdness & Mutations

You have very sharp teeth.
Your uncanny sense of smell can sniff out nearby items.
Your experience applies equally to all skills.
Your body sometimes deteriorates upon taking damage.


Message History

The necrophage is almost destroyed.
The necrophage misses you.
The necrophage attacks as you move away!
The necrophage completely misses you.
Fire: w) +2 sling
Press: ? - help, Q - select action, (/) - cycle Shift-Dir - straight line, f/p - necrophage
Aim: a necrophage (almost destroyed, 62% to hit)
You shoot a sling bullet.
The sling bullet barely misses the necrophage.
The necrophage hits you.
* * * LOW HITPOINT WARNING * * *
You feel drained. The necrophage closely misses you. The necrophage hits you.
* * * LOW HITPOINT WARNING * * *
Fire: w) +2 sling
Press: ? - help, Q - select action, (/) - cycle Shift-Dir - straight line, f/p - necrophage
Aim: a necrophage (almost destroyed, 62% to hit)
You shoot a sling bullet.
The sling bullet hits the necrophage but does no damage.
The necrophage is almost destroyed.
The necrophage closely misses you.
Fire: w) +2 sling
Press: ? - help, Q - select action, (/) - cycle Shift-Dir - straight line, f/p - necrophage
Aim: a necrophage (almost destroyed, 62% to hit)
You shoot a sling bullet.
The sling bullet barely misses the necrophage.
The necrophage closely misses you.
Fire: w) +2 sling
Press: ? - help, Q - select action, (/) - cycle Shift-Dir - straight line, f/p - necrophage
Aim: a necrophage (almost destroyed, 62% to hit)
You shoot a sling bullet.
The sling bullet barely misses the necrophage.
The necrophage closely misses you.
Fire: w) +2 sling
Press: ? - help, Q - select action, (/) - cycle Shift-Dir - straight line, f/p - necrophage
Aim: a necrophage (almost destroyed, 62% to hit)
You shoot a sling bullet. The sling bullet hits the necrophage.
The necrophage is almost destroyed.
The necrophage hits you.
You die...

###......#########.. ###
..................#######.#
..................#....#..#
..................#....#..#
....#####.........#....'..#
...##.. ##........######..#
####... #####.......###..#
...n #.n.....'....# ...
#..@....#....# ..
#.†....###...# #.
#####......+_'.### ∆
#.###...>.###'####.# ∆
#.'.......#........#
#.#.......#........#
#.###.....#........# ..
#.....########## ..n
#.....#...#


You could see a necrophage.

Vanquished Creatures
  Eustachio (D:4)
  Pargi (Sewer)
  2 ogres (D:5)
  A scorpion (D:5)
  A necrophage (D:5)
  3 iguanas (D:5)
  5 adders
  A white imp (D:5)
  2 worms (D:3)
  2 dart slugs (D:2)
  8 orcs
  10 endoplasms
  5 giant cockroaches
  9 hobgoblins
  4 kobolds
  2 quokkas
  4 ball pythons
  2 bats
  3 frilled lizards
  13 goblins
  5 rats
84 creatures vanquished.

Notes
Turn   | Place    | Note
-------+----------+-------------------------------------------
     0 | D:1      | NinjaNoafa the Gnoll Wanderer began the quest for the Orb.
     0 | D:1      | NinjaNoafa set off with the following items: a +0 dagger, 4
                  | throwing nets, a potion of lignification, a scroll of
                  | summoning, a +0 leather armour; and the following spell
                  | memorised: Sting; and the following spells available to
                  | memorise: Spider Form.
     0 | D:1      | Reached XP level 1. HP: 13/13 MP: 8/8
     1 | D:1      | Noticed an electric eel
   408 | D:1      | Reached XP level 2. HP: 19/19 MP: 6/10
   652 | D:1      | Found Ceuluef's Distillery.
  1252 | D:2      | Reached XP level 3. HP: 16/25 MP: 10/11
  1589 | D:2      | Found a blossoming altar of Fedhas.
  1708 | D:2      | Reached skill level 1 in Invocations
  2010 | D:2      | Reached skill level 1 in Fighting
  2010 | D:2      | Reached skill level 1 in Short Blades
  2010 | D:2      | Reached skill level 1 in Long Blades
  2010 | D:2      | Reached skill level 1 in Axes
  2010 | D:2      | Reached skill level 1 in Maces & Flails
  2010 | D:2      | Reached skill level 1 in Polearms
  2010 | D:2      | Reached skill level 1 in Staves
  2010 | D:2      | Reached skill level 1 in Ranged Weapons
  2010 | D:2      | Reached skill level 1 in Throwing
  2010 | D:2      | Reached skill level 1 in Shields
  2010 | D:2      | Reached skill level 1 in Unarmed Combat
  2034 | D:2      | Reached XP level 4. HP: 30/32 MP: 2/13
  2228 | D:3      | Found a sparkling altar of Nemelex Xobeh.
  2551 | D:3      | Found an iron altar of Okawaru.
  2718 | D:3      | Found a glowing drain.
  2729 | D:3      | Reached skill level 1 in Conjurations
  2729 | D:3      | Reached skill level 1 in Hexes
  2729 | D:3      | Reached skill level 1 in Summonings
  2729 | D:3      | Reached skill level 1 in Necromancy
  2729 | D:3      | Reached skill level 1 in Translocations
  2729 | D:3      | Reached skill level 1 in Transmutations
  2729 | D:3      | Reached skill level 1 in Fire Magic
  2729 | D:3      | Reached skill level 1 in Ice Magic
  2729 | D:3      | Reached skill level 1 in Air Magic
  2729 | D:3      | Reached skill level 1 in Earth Magic
  2729 | D:3      | Reached skill level 1 in Poison Magic
  2743 | D:3      | Learned a level 1 spell: Slow
  2745 | Sewer    | Entered a sewer
  2852 | Sewer    | Noticed Pargi
  2906 | Sewer    | Killed Pargi
  2907 | Sewer    | Reached XP level 5. HP: 21/37 MP: 12/14
  3708 | D:4      | Noticed Eustachio
  3731 | D:4      | Gained mutation: You occasionally lose the ability to read
                  | scrolls when taking damage. [potion of mutation]
  3731 | D:4      | Gained mutation: You occasionally shout uncontrollably at
                  | your foes. [potion of mutation]
  3731 | D:4      | Gained mutation: You have large cloven feet. [potion of
                  | mutation]
  3731 | D:4      | Gained mutation: Your flesh is cold resistant. (rC+)
                  | [potion of mutation]
  3732 | D:4      | Lost mutation: You occasionally lose the ability to read
                  | scrolls when taking damage. [potion of mutation]
  3732 | D:4      | Lost mutation: You occasionally shout uncontrollably at
                  | your foes. [potion of mutation]
  3732 | D:4      | Gained mutation: You have a pair of small horns on your
                  | head. [potion of mutation]
  3732 | D:4      | Lost mutation: You have a pair of small horns on your head.
                  | [potion of mutation]
  3732 | D:4      | Gained mutation: Your flesh is heat resistant. (rF+)
                  | [potion of mutation]
  3733 | D:4      | Lost mutation: Your flesh is cold resistant. (rC+) [potion
                  | of mutation]
  3733 | D:4      | Lost mutation: You have large cloven feet. [potion of
                  | mutation]
  3733 | D:4      | Gained mutation: Your magical capacity is low. (-10% MP)
                  | [potion of mutation]
  3740 | D:4      | Killed Eustachio
  3741 | D:4      | Reached XP level 6. HP: 26/44 MP: 14/14
  4540 | D:5      | Entered Level 5 of the Dungeon
  4783 | D:5      | Found a stormy altar of Qazlal.
  4845 | D:5      | Reached XP level 7. HP: 15/51 MP: 13/16
  5278 | D:5      | Found a basalt altar of Yredelemnul.
  5709 | D:5      | Lost mutation: Your magical capacity is low. (-10% MP)
                  | [potion of mutation]
  5709 | D:5      | Lost mutation: Your flesh is heat resistant. (rF+) [potion
                  | of mutation]
  5709 | D:5      | Gained mutation: Your body sometimes deteriorates upon
                  | taking damage. [potion of mutation]
  5715 | D:5      | Reached skill level 9 in Dodging
  6180 | D:5      | HP: 1/44 [necrophage (3)]
  6189 | D:5      | Slain by a necrophage

Illustrated notes

Levels and vault maps discovered:
D:1:      arrival_aquarium_a, layout_loops_ring, serial_shops, shop,
          kennysheep_doodads
D:2:      cheibrodos_greedy_goblins, layout_rooms, basic_altar
D:3:      layout_basic, mainiacjoe_overflow_brackets,
          mainiacjoe_overflow_six_doors_small, cheibrodos_sewer_entry_bend,
          minmay_close_crescents
D:4:      layout_loops_ring, uniq_eustachio
D:5:      minmay_octagon_keep, layout_gridville, grunt_qazlal_clouds,
          kennysheep_mini, hangedman_minor_gate_pass

Skill      XL: |  1  2  3  4  5  6  7 |
---------------+----------------------+-----
Invocations    | 1 2 3 |  3.1
Fighting       | 1 2 |  2.8
Short Blades   | 1 2 |  2.8
Long Blades    | 1 2 |  2.8
Axes           | 1 2 |  2.8
Maces & Flails | 1 2 |  2.8
Polearms       | 1 2 |  2.8
Staves         | 1 2 |  2.8
Ranged Weapons | 1 2 |  2.8
Throwing       | 1 2 |  2.8
Shields        | 1 2 |  2.8
Unarmed Combat | 1 2 |  2.8
Conjurations   | 1 2 |  2.2
Hexes          | 1 2 |  2.2
Summonings     | 1 2 |  2.2
Necromancy     | 1 2 |  2.2
Translocations | 1 2 |  2.2
Transmutations | 1 2 |  2.2
Fire Magic     | 1 2 |  2.2
Ice Magic      | 1 2 |  2.2
Air Magic      | 1 2 |  2.2
Earth Magic    | 1 2 |  2.2
Poison Magic   | 1 2 |  2.2
Armour         | 3 |  3.8
Evocations     | 3 |  3.8
Stealth        | 3 |  3.7
Dodging        | 9 |  9.0
Spellcasting   | |  7.7

Action                   |  1- 3 |  4- 6 |  7- 9 || total
-------------------------+-------+-------+-------++-------
Melee: Dagger            |     9 |    16 |       ||    25
       Bite              |     3 |       |       ||     3
 Fire: Sling             |       |    60 |    46 ||   106
Throw: Javelin           |       |     1 |       ||     1
 Cast: Sting             |    82 |    82 |    29 ||   193
       Slow              |       |     9 |     3 ||    12
  Use: Scroll            |       |    11 |       ||    11
       Potion            |       |    12 |     4 ||    16
Armor: Leather armour    |    16 |    22 |    11 ||    49
Dodge: Dodged            |    67 |   121 |    49 ||   237

Table legend: (Time is in decaauts)
 A = Elapsed time spent in this place.
 B = Non-inter-level travel time spent in this place.
 C = Inter-level travel time spent in this place.
 D = Time resting spent in this place.
 E = Time spent auto-exploring this place.
 F = Levels seen in this place.
 G = Mean time per level.
                   A        B        C        D        E       F      G
               +--------+--------+--------+--------+--------+-----+--------+
         Total |   6181 |   6095 |     86 |      0 |   5150 |   6 | 1030.2 |
       Dungeon |   5851 |   5765 |     86 |      0 |   4878 |   5 | 1170.2 |
         Sewer |    330 |    330 |      0 |      0 |    271 |   1 |  330.0 |
               +--------+--------+--------+--------+--------+-----+--------+

Top non-repeatable levels by time:
     D:5: 1629 daAuts
     D:2: 1169 daAuts
     D:3: 1147 daAuts
     D:1: 1047 daAuts
     D:4: 857 daAuts
   Sewer: 330 daAuts
